 Dungeon Crawl Stone Soup version 0.31-a0-836-g3ceb0a68c4 (webtiles) character file.

Game seed: 8736642715726888047

64122 ipx the Blocker (level 15, -1/64 (77) HPs)
             Began as a Vine Stalker Fighter on Sept 26, 2023.
             Was the Champion of Makhleb.
             Killed from afar by an orc sorcerer (21 damage)
             ... with a bolt of negative energy
             ... on level 2 of the Orcish Mines.
             The game lasted 02:00:23 (7579 turns).

ipx the Blocker (Vine Stalker Fighter)              Turns: 7579, Time: 02:00:23

HP:   -1/64 (77)    AC: 21    Str: 30      XL:     15   Next: 12%
MP:   0/22          EV:  9    Int:  9 (11) God:    Makhleb [******]
Gold: 1295          SH: 20    Dex: 18      Spells: 14/14 levels left

rFire   . . .        t - -1 demon whip (venom)
rCold   . . .        K - +2 kite shield
rNeg    . . .        k - +0 plate armour
rPois   .            G - +2 helmet {SInv}
rElec   .            q - +0 cloak
rCorr   .            A - +0 pair of gloves
SInv    +            r - +0 pair of boots
Will    ++...        X - amulet of reflection Stlth
                     m - ring of willpower
HPRegen 1.10/turn    T - ring "Tebbulao" {Str+6 Int+3}
MPRegen 0.18/turn

%: reflection, clarity, guardian spirit
@: heavily drained
A: fangs 3, regeneration 1, magic shield, antimagic bite, no potion heal 2, thin
skeletal structure 1, clarity
a: Renounce Religion, Minor Destruction, Lesser Servant of Makhleb, Major
Destruction, Greater Servant of Makhleb


You were on level 2 of the Orcish Mines.
You worshipped Makhleb.
Makhleb was exalted by your worship.
You visited 4 branches of the dungeon, and saw 20 of its levels.
You also visited: Bailey and Gauntlet.

You collected 1295 gold pieces.

Inventory:

Hand Weapons
 a - a +1 dagger of electrocution
 t - a -1 demon whip of venom (weapon)
 W - the +8 morningstar "Goteh" {pain, *Noise +Blink rF- Str+7}
   (You found it on level 5 of the Dungeon)

   Str+7:     It affects your strength (+7).
   rF-:       It makes you vulnerable to fire.
   +Blink:    It lets you blink.
   *Noise:    It may make a loud noise when swung.
Missiles
 i - 2 throwing nets (quivered)
 w - 8 boomerangs
 z - 14 javelins
 O - 7 silver javelins
Armour
 k - a +0 plate armour (worn)
 q - a +0 cloak (worn)
 r - a +0 pair of boots (worn)
 u - +0 acid dragon scales
 x - a +0 troll leather armour
 A - a +0 pair of gloves (worn)
 G - a +2 helmet of see invisible (worn)
 K - a +2 kite shield (worn)
 S - an orb of light
 U - a +3 leather armour of fire resistance
Jewellery
 m - a ring of willpower (left hand)
 p - a ring of poison resistance
 v - a ring of see invisible
 I - a ring of ice
 J - a ring of positive energy
 M - a ring of willpower
 Q - the amulet "Demecum" {Spirit Contam +Inv SInv}
   (You found it in a Gauntlet)

   [amulet of guardian spirit]

   Spirit:    It causes incoming damage to be divided between your reserves of
   health and magic.
   SInv:      It lets you see invisible.
   +Inv:      It lets you turn invisible.
   Contam:    It causes magical contamination when unequipped.
 R - a ring of flight
 T - the ring "Tebbulao" (right hand) {Str+6 Int+3}
   (You took it off a gnoll sergeant in a bailey)

   [ring of strength]

   Str+6:     It affects your strength (+6).
   Int+3:     It affects your intelligence (+3).
 X - an amulet of reflection (around neck)
Wands
 N - a wand of quicksilver (4)
Scrolls
 d - 6 scrolls of teleportation
 g - 3 scrolls of fear
 h - a scroll of immolation
 j - 2 scrolls of vulnerability
 n - 3 scrolls of amnesia
 o - a scroll of brand weapon
 y - 2 scrolls of poison
 C - a scroll of torment {unknown}
 E - 2 scrolls of fog
 L - 2 scrolls of enchant weapon
 P - a scroll of summoning {unknown}
Potions
 b - 2 potions of lignification {unknown}
 c - 2 potions of might
 e - 2 potions of curing
 f - a potion of cancellation {unknown}
 l - a potion of ambrosia {unknown}
 s - 3 potions of mutation
 B - 2 potions of haste {unknown}
 D - 2 potions of enlightenment {unknown}
 H - 2 potions of brilliance {unknown}
 Y - a potion of attraction {unknown}
 Z - a potion of heal wounds {unknown}
Miscellaneous
 V - a lightning rod (1/4)


   Skills:
 - Level 8.1 Fighting
 - Level 10.0 Short Blades
 - Level 3.9(7.1) Axes
 * Level 9.4(9.8) Maces & Flails
 - Level 2.2 Throwing
 - Level 8.0 Armour
 - Level 3.1 Dodging
 - Level 13.1 Shields
 + Level 8.6 Invocations


You had 14 spell levels left.
You didn't know any spells.
Your spell library contained the following spells:

 Spells                   Type           Power      Damage    Failure   Level
 Kiss of Death            Conj/Necr      0%         2d5       99%         1
 Magic Dart               Conj           0%         1d3       99%         1
 Searing Ray              Conj           0%         2d4       100%        2
 Sublimation of Blood     Necr           0%         N/A       100%        2
 Dazzling Flash           Conj/Hex       0%         N/A       100%        3
 Fulminant Prism          Conj/Hex       0%         3d5       100%        4
 Manifold Assault         Tloc           0%         N/A       100%        4
 Petrify                  Tmut/Erth      0%         N/A       100%        4
 Agony                    Necr           0%         N/A       100%        5
 Freezing Cloud           Conj/Ice/Air   0%         6-21      100%        5
 Irradiate                Conj/Tmut      0%         3d11      100%        5
 Silence                  Hex/Air        0%         N/A       100%        5
 Death Channel            Necr           0%         N/A       100%        6
 Dispersal                Tloc           0%         N/A       100%        6
 Disjunction              Tloc           0%         N/A       100%        8


Dungeon Overview and Level Annotations

Branches:
Dungeon (12/15)            Temple (1/1) D:7            Lair (5/5) D:11
 Shoals (0/4) Lair:3       Spider (0/4) Lair:3        Slime (0/5) Lair:5
    Orc (2/2) D:10         Bailey (visited)         Gauntlet (visited)
    Elf: Orc:2

Altars:
Ashenzari
Cheibriados
Dithmenos
Elyvilon
Fedhas
Gozag
Kikubaaqudgha
Makhleb
Nemelex Xobeh
Okawaru
Qazlal
Ru
Sif Muna
Trog
Uskayaw
Vehumet
Xom
Yredelemnul
Zin
The Shining One
Jiyva

Annotations:
D:4 exclusion: statue
D:7 Joseph
D:8 exclusion: downstairs
D:9 exclusion: downstairs
D:10 2 transporters


Innate Abilities, Weirdness & Mutations

You have razor-sharp teeth.
Your natural rate of healing is unusually fast.
When hurt, damage is shared between your health and your magic reserves.
Your bite disrupts and absorbs the magic of your enemies.
Potions cannot restore your health.
You have a somewhat thin skeletal structure. (Dex +2, Stealth+)
You possess an exceptional clarity of mind.


Message History

The soul eater draws from the surrounding life force!
The soul eater hits you!
You feel drained.
The ogre mage gestures at you while chanting.
You resist with almost no effort.
The orc sorcerer gestures wildly while chanting.
The soul eater hits you.
You feel drained. The soul eater hits you!
The ynoxinul gestures.
The soul eater hits you but does no damage.
The ogre mage hits you but does no damage.
You can move again.
Unknown command.
Okay, then.
Unknown command.
You barely miss the soul eater.
You bite the soul eater, but do no damage.
You hit the ogre mage.
The ogre mage is poisoned.
Your bite misses the ogre mage.
The ogre mage is lightly wounded.
You block the soul eater's attack.
The orc sorcerer points at you and mumbles some strange words.
The bolt of negative energy hits the soul eater.
The soul eater completely resists.
The bolt of negative energy hits you!!
You feel drained.
* * * LOW HITPOINT WARNING * * *
As you read the scroll of teleportation, it crumbles to dust.
You feel strangely unstable. You block the ogre mage's attack.
The orc wizard mumbles some strange words.
The orc wizard flickers and vanishes for a moment.
You block the soul eater's attack.
Your surroundings seem slightly different.
An orc sorcerer and an orc wizard come into view.
The orc sorcerer shouts!
The orc wizard shouts!
The orc sorcerer points at you and mumbles some strange words.
The bolt of negative energy hits the ufetubus.
The ufetubus completely resists.
The bolt of negative energy hits the ufetubus.
The ufetubus completely resists.
The bolt of negative energy hits you!!
You feel drained.
You die...

### ##≈≈§ ##... ##
##..8###≈##
o'###....._#≈≈#
...........#.≈#
.......@55.8§≈#
≈≈§≈......5..##
###≈....oo3o###
#...###o#o#≈# ...o≈
#..3O§≈# .....≈
#..8..≈# 8..8.
#§..§.§##
##############≈...§§§#
§≈§≈≈≈§≈§≈≈≈≈≈≈§.§§§≈#


You could see a soul eater (summoned), a ynoxinul (summoned), 4 orc sorcerers, 2
orc wizards, an orc and 3 ufetubi.

Vanquished Creatures
  A minotaur (Gauntlet)
  Fannar (D:10)
  Harold (Lair:1)
  An ogre mage (Orc:2)
  A catoblepas (Lair:5)
  A centaur warrior (D:11)
  2 boulder beetles
  Urug (Orc:1)
  Amaemon (Lair:2)
  A skyshark (Lair:5)
  4 sixfirhies (Gauntlet)
  2 goliath frogs (Lair:5)
  A deep elf pyromancer (D:12)
  An orc sorcerer (Orc:2)
  An oklob plant (Gauntlet)
  An ugly thing (D:11)
  A moth of wrath (Gauntlet)
  2 manticores (D:11)
  2 cyclopes
  4 merfolk sirens (Lair:3)
  A black mamba (Lair:4)
  An orange demon (Lair:2)
  24 cane toads
  5 rime drakes
  A kobold demonologist (D:9)
  5 komodo dragons
  A troll (Orc:1)
  A hornet (D:8)
  A tyrant leech (Lair:5)
  Grinder (D:5)
  4 polar bears
  5 dream sheep (Lair:1)
  21 blink frogs
  A shadow (D:11)
  4 wraiths
  52 yaks
  2 wyverns
  A steam dragon (D:9)
  4 vampire mosquitoes (Lair:5)
  Grum (Bailey)
  Edmund (D:4)
  3 wargs
  2 acid dragons
  12 water moccasins
  12 orc warriors
  3 sky beasts
  An ice beast (D:6)
  A centaur (D:7)
  20 wolves
  6 ogres
  2 phantoms
  A kobold brigand (D:9)
  7 gnoll sergeants (Bailey)
  15 bullfrogs
  6 scorpions
  9 wights
  10 killer bees
  3 howler monkeys (D:7)
  4 hounds
  7 orc priests
  5 gnoll boudas (Bailey)
  A jelly (D:4)
  3 iguanas
  18 orc wizards
  12 hell rats
  13 gnolls (Bailey)
  7 adders
  3 white imps
  3 worms
  A dart slug (D:4)
  36 orcs
  3 endoplasms
  3 giant cockroaches (Lair:3)
  10 goblins
  2 hobgoblins (D:4)
  3 jackals (D:5)
  A quokka (D:2)
  2 ball pythons
  3 bats
  2 frilled lizards
  7 kobolds
  2 rats (D:2)
431 creatures vanquished.

Notes
Turn   | Place    | Note
-------+----------+-------------------------------------------
     0 | D:1      | ipx the Vine Stalker Fighter began the quest for the Orb.
     0 | D:1      | Reached XP level 1. HP: 11/11 MP: 2/2
   211 | D:1      | Reached XP level 2. HP: 14/16 MP: 1/3
   291 | D:2      | Reached skill level 1 in Short Blades
   298 | D:2      | Reached XP level 3. HP: 19/19 MP: 2/4
   496 | D:4      | Noticed a scorpion
   500 | D:4      | Killed a scorpion
   501 | D:4      | Reached XP level 4. HP: 23/23 MP: 5/5
   569 | D:4      | Found an ancient bone altar of Kikubaaqudgha.
   620 | D:4      | Noticed a scorpion
   633 | D:4      | Killed a scorpion
   634 | D:4      | Reached XP level 5. HP: 18/28 MP: 2/6
   672 | D:4      | Found a radiant altar of Vehumet.
   672 | D:4      | Noticed a frost-covered statue
   692 | D:4      | Noticed a phantom
   706 | D:4      | Killed a phantom
   707 | D:4      | Reached XP level 6. HP: 32/32 MP: 7/7
   731 | D:4      | Noticed Edmund
   763 | D:4      | Killed Edmund
   764 | D:4      | Reached skill level 5 in Short Blades
   847 | D:5      | Entered Level 5 of the Dungeon
   925 | D:6      | Noticed a sky beast
   932 | D:5      | Found a glowing silver altar of Zin.
   932 | D:5      | Found a glowing golden altar of the Shining One.
   934 | D:5      | Found a white marble altar of Elyvilon.
   954 | D:5      | Reached XP level 7. HP: 35/35 MP: 8/8
   990 | D:4      | Found a sacrificial altar of Ru.
  1084 | D:4      | Found a stormy altar of Qazlal.
  1204 | D:5      | Identified the +8 morningstar "Goteh" {pain, *Noise +Blink
                  | rF- Str+7}
  1319 | D:6      | Found an opulent altar of Gozag.
  1423 | D:6      | Gained mutation: You have razor-sharp teeth. [Vine Stalker
                  | growth]
  1423 | D:6      | Reached XP level 8. HP: 30/39 MP: 6/9
  1452 | D:5      | Noticed Grinder
  1471 | D:5      | Killed Grinder
  1525 | D:6      | Gained mutation: You have a somewhat thin skeletal
                  | structure. (Dex +2, Stealth+) [potion of mutation]
  1525 | D:6      | Gained mutation: You possess an exceptional clarity of
                  | mind. [potion of mutation]
  1709 | D:7      | Noticed Joseph
  1746 | D:6      | Reached skill level 10 in Short Blades
  1746 | D:6      | Reached XP level 9. HP: 40/43 MP: 8/10
  1847 | D:7      | Reached skill level 3 in Shields
  1862 | D:7      | Found a staircase to the Ecumenical Temple.
  1912 | Temple   | Entered the Ecumenical Temple
  1928 | Temple   | Became a worshipper of Makhleb the Destroyer
  2049 | D:8      | Reached skill level 1 in Throwing
  2067 | D:8      | Found a flagged portal.
  2075 | Bailey   | Entered a bailey
  2239 | Bailey   | Reached * piety under Makhleb
  2240 | Bailey   | Reached skill level 4 in Shields
  2280 | Bailey   | Identified the ring "Tebbulao" {Str+6 Int+3}
  2363 | Bailey   | Noticed Grum
  2374 | Bailey   | Reached skill level 5 in Fighting
  2382 | Bailey   | Reached skill level 5 in Shields
  2396 | Bailey   | Killed Grum
  2404 | Bailey   | Reached XP level 10. HP: 43/51 MP: 11/11
  2506 | D:9      | Noticed a kobold demonologist
  2506 | D:9      | Noticed a kobold demonologist
  2786 | D:8      | Reached skill level 6 in Shields
  2916 | D:9      | Found a basalt altar of Yredelemnul.
  3000 | D:9      | Reached ** piety under Makhleb
  3003 | D:9      | Noticed a kobold demonologist
  3024 | D:9      | Killed a kobold demonologist
  3062 | D:9      | Reached skill level 7 in Shields
  3074 | D:9      | Reached skill level 1 in Invocations
  3083 | D:9      | Noticed a cyclops
  3124 | D:9      | Killed a cyclops
  3178 | D:9      | Identified the +3 buckler of an ice cave {Harm}
  3192 | D:10     | Entered Level 10 of the Dungeon
  3192 | D:10     | Found a transporter.
  3307 | D:9      | Reached XP level 11. HP: 54/58 MP: 11/14
  3441 | D:10     | Found a transporter.
  3444 | D:10     | Noticed an orc sorcerer
  3471 | D:10     | Noticed an orc high priest
  3527 | D:10     | Reached skill level 8 in Shields
  3542 | D:10     | Reached skill level 5 in Armour
  3571 | D:10     | Found a staircase to the Orcish Mines.
  3709 | D:11     | Reached *** piety under Makhleb
  3944 | D:12     | Noticed a deep elf pyromancer
  3956 | D:12     | Killed a deep elf pyromancer
  3957 | D:12     | Reached skill level 5 in Invocations
  4005 | D:11     | Noticed a centaur warrior
  4005 | D:11     | Noticed a manticore
  4015 | D:11     | Noticed a manticore
  4018 | D:11     | Killed a centaur warrior
  4025 | D:11     | Killed a manticore
  4031 | D:11     | Killed a manticore
  4034 | D:11     | Reached skill level 9 in Shields
  4127 | D:11     | Found a staircase to the Lair.
  4130 | D:11     | Noticed a white ugly thing
  4138 | Lair:1   | Entered Level 1 of the Lair of Beasts
  4232 | Lair:1   | Noticed Harold
  4295 | Lair:1   | Reached XP level 12. HP: 44/63 MP: 16/16
  4311 | Lair:1   | Killed Harold
  4415 | Lair:1   | Reached skill level 10 in Shields
  4443 | Lair:1   | Found a gate leading to a gauntlet.
  4457 | Gauntlet | Entered a Gauntlet
  4457 | Gauntlet | Found a transporter.
  4457 | Gauntlet | Found a transporter.
  4457 | Gauntlet | Found a transporter.
  4457 | Gauntlet | Found a runed translucent gate.
  4457 | Gauntlet | Found a runed translucent gate.
  4457 | Gauntlet | Found a runed translucent gate.
  4458 | Gauntlet | Found a transporter.
  4459 | Gauntlet | Found a transporter.
  4462 | Gauntlet | Found a transporter.
  4466 | Gauntlet | Found a runed translucent door.
  4470 | Gauntlet | Found a transporter.
  4470 | Gauntlet | Noticed a catoblepas
  4471 | Gauntlet | Found a transporter.
  4473 | Gauntlet | Found a transporter.
  4474 | Gauntlet | Found a transporter.
  4476 | Gauntlet | Noticed a death scarab
  4477 | Gauntlet | Found a runed translucent door.
  4479 | Gauntlet | Found a runed translucent door.
  4481 | Gauntlet | Found a transporter.
  4485 | Gauntlet | Noticed a death scarab
  4486 | Gauntlet | Found a transporter.
  4643 | Gauntlet | Reached skill level 1 in Dodging
  4732 | Gauntlet | Noticed a minotaur
  4758 | Gauntlet | Killed a minotaur
  4758 | Gauntlet | Reached **** piety under Makhleb
  4764 | Gauntlet | Found the +3 giant club "Skullcrusher" {speed, Str+7}
  4771 | Gauntlet | Identified the amulet "Demecum" {Spirit Contam +Inv SInv}
  4816 | Lair:1   | Reached skill level 11 in Shields
  4835 | Lair:1   | Reached skill level 13 in Shields
  4835 | Lair:1   | Reached XP level 13. HP: 67/67 MP: 17/17
  5134 | Lair:2   | Got a resplendent book
  5154 | Lair:2   | Noticed Amaemon
  5174 | Lair:2   | Killed Amaemon
  5243 | Lair:2   | Reached XP level 14. HP: 72/72 MP: 18/18
  5277 | Lair:2   | Reached skill level 1 in Maces & Flails
  5431 | Lair:3   | Reached ***** piety under Makhleb
  5760 | Lair:3   | Found a staircase to the Shoals.
  5978 | Lair:3   | Found a hole to the Spider Nest.
  6055 | Lair:4   | Reached skill level 5 in Maces & Flails
  6133 | Lair:5   | Entered Level 5 of the Lair of Beasts
  6524 | Lair:5   | Found a viscous altar of Jiyva.
  6524 | Lair:5   | Found a staircase to the Slime Pits.
  6789 | Lair:4   | Reached ****** piety under Makhleb
  7156 | Orc:1    | Entered Level 1 of the Orcish Mines
  7157 | Orc:1    | Noticed Fannar
  7226 | D:10     | Killed Fannar
  7227 | D:10     | Reached XP level 15. HP: 77/77 MP: 22/22
  7301 | Orc:1    | Noticed Urug
  7330 | Orc:1    | Killed Urug
  7353 | Orc:2    | Entered Level 2 of the Orcish Mines
  7547 | Orc:2    | Found an ancient bone altar of Kikubaaqudgha.
  7570 | Orc:2    | Paralysed by an ogre mage for 4 turns
  7579 | Orc:2    | Killed from afar by an orc sorcerer

Illustrated notes

Levels and vault maps discovered:
D:1:      minmay_arrival_open_corners, layout_basic
D:2:      layout_rooms
D:3:      layout_loops_corners
D:4:      nicolae_cairo_tiling_large, layout_gridville,
          kiku_gazebo_garden_becter, mainiacjoe_overflow_chevrons,
          lemuel_doored_altar, vehumet_statue, minmay_cut_off, uniq_edmund
D:5:      minmay_general_purpose_star, layout_rooms,
          dreamdust_divine_triumvirate, uniq_grinder
D:6:      layout_gridville, grunt_gozag_statues, kennysheep_generic_room_6
D:7:      layout_basic, temple_doors_e, monkooky_shop_mail_order, uniq_joseph
D:8:      layout_layer_cave, enter_bailey_3, kennysheep_nub
D:9:      layout_irregular_city, yredelemnul_forgotten_temple_becter, uniq_grum
D:10:     gammafunk_wand_slinger, layout_cross, gammafunk_temple_overflow_wave,
          minmay_orc_entry_guard_dogs
D:11:     layout_basic, lair_entry_dummy
D:12:     minmay_shrinking_squares, layout_irregular_city, serial_shops,
          nicolae_shop_tiny_real_fake_doors
Temple:   grunt_temple_mini_profane
Lair:1:   layout_gridlike, gauntlet_entry_generic, serial_bayou_shore_a,
          grunt_megastairs_1, uniq_harold
Lair:2:   layout_loops_ring, lemuel_old_faithful, lemuel_fruit_fields,
          uniq_amaemon
Lair:3:   layout_chaotic_city, elwin_shoals_entry_stream,
          nicolae_spider_entry_non_spiders
Lair:4:   layout_regular_city, dreamdust_mushroom_princess,
          chequers_serial_rivers_small_b, eino_small_chamber_without_monster,
          grunt_megastairs_5, infiniplex_staircase_pool_2
Lair:5:   minmay_lair_end_frog_pond, layout_hall_layers, slime_entry_1
Orc:1:    layout_caves, uniq_urug, uniq_fannar
Orc:2:    kennysheep_orc_mage_school, layout_caves

Skill      XL: |  1  2  3  4  5  6  7  8  9 10 11 12 13 14 15 |
---------------+----------------------------------------------+-----
Axes           | 2 3 |  3.9
Short Blades   | 1 3 4 6 7 10 | 10.0
Fighting       | 5 7 8 |  8.1
Shields        | 5 7 9 13 | 13.1
Armour         | 3 4 7 8 |  8.0
Throwing       | 2 |  2.2
Invocations    | 3 5 8 |  8.6
Dodging        | 3 |  3.1
Maces & Flails | 8 9 |  9.4

Action                     |  1- 3 |  4- 6 |  7- 9 | 10-12 | 13-15 || total
---------------------------+-------+-------+-------+-------+-------++-------
  Melee: War axe           |    13 |       |       |       |       ||    13
         Bite              |    12 |    16 |   130 |   220 |   432 ||   810
         Dagger            |    33 |    65 |   321 |   572 |   888 ||  1879
         Demon whip        |       |       |       |       |   196 ||   196
  Throw: Javelin           |       |     2 |     7 |       |     2 ||    11
         Boomerang         |       |       |     2 |    39 |    25 ||    66
         Throwing net      |       |       |       |     4 |     6 ||    10
 Invoke: Major Destruction |       |       |       |       |     1 ||     1
  Evoke: Wand              |       |     1 |     1 |       |     7 ||     9
         Lightning rod     |       |       |       |       |     4 ||     4
    Use: Potion            |     1 |       |     2 |     2 |     1 ||     6
         Scroll            |       |       |     3 |    10 |     3 ||    16
   Stab: Held in net/web   |       |       |       |     3 |     4 ||     7
 Armour: Scale mail        |    20 |       |       |       |       ||    20
         Plate armour      |     9 |    38 |   208 |   174 |   256 ||   685
         Acid dragon scale |       |       |       |     5 |       ||     5
  Dodge: Dodged            |    14 |     6 |    30 |    34 |   101 ||   185
  Block: Buckler           |     8 |    10 |     8 |       |       ||    26
         Kite shield       |       |       |   229 |   246 |   639 ||  1114
         Reflection        |       |       |     6 |     6 |    10 ||    22

Table legend: (Time is in decaauts)
 A = Elapsed time spent in this place.
 B = Non-inter-level travel time spent in this place.
 C = Inter-level travel time spent in this place.
 D = Time resting spent in this place.
 E = Time spent auto-exploring this place.
 F = Levels seen in this place.
 G = Mean time per level.
                   A        B        C        D        E       F      G
               +--------+--------+--------+--------+--------+-----+--------+
         Total |   6818 |   6535 |    283 |      0 |      0 |  22 |  309.9 |
       Dungeon |   3630 |   3489 |    141 |      0 |      0 |  12 |  302.5 |
        Temple |     30 |      2 |     28 |      0 |      0 |   1 |   30.0 |
          Lair |   2201 |   2107 |     94 |      0 |      0 |   5 |  440.2 |
  Orcish Mines |    322 |    302 |     20 |      0 |      0 |   2 |  161.0 |
        Bailey |    352 |    352 |      0 |      0 |      0 |   1 |  352.0 |
      Gauntlet |    281 |    281 |      0 |      0 |      0 |   1 |  281.0 |
               +--------+--------+--------+--------+--------+-----+--------+

Top non-repeatable levels by time:
  Lair:5: 503 daAuts
  Lair:2: 497 daAuts
  Lair:3: 494 daAuts
     D:9: 477 daAuts
     D:6: 434 daAuts
     D:4: 434 daAuts
     D:8: 418 daAuts
    D:11: 396 daAuts
     D:5: 393 daAuts
  Lair:1: 359 daAuts
     D:1: 356 daAuts
  Bailey: 352 daAuts
  Lair:4: 346 daAuts
    D:10: 308 daAuts
Gauntlet: 281 daAuts
